 Dungeon Crawl Stone Soup version 0.16-a0-702-gf4f471d (webtiles) character file.

7035 PolkaDot the Martial Artist (level 10, -30/88 HPs)
             Began as a Red Draconian Transmuter on Sept 20, 2014.
             Was an Elder of Okawaru.
             Annihilated by a hill giant
             ... wielding a +0 giant club
              (31 damage)
             ... on Level 11 of the Dungeon.
             The game lasted 00:42:21 (12407 turns).

PolkaDot the Martial Artist (DrTm)                 Turns: 12407, Time: 00:42:21

HP -30/88        AC 13     Str 12      XL: 10   Next: 83%
MP  15/16        EV 18     Int 13      God: Okawaru [****..]
Gold 529         SH  0     Dex 21      Spells:  4 memorised,  3 levels left

rFire  + . .     SeeInvis .       - Unarmed
rCold  . . .     Clarity  .     (armour unavailable)
rNeg   . . .     rCorr    .     (no shield)
rPois  .         rRot     .     (helmet restricted)
rElec  .         Spirit   .     j - +0 cloak (curse)
SustAb .         Warding  .     (no gloves)
rMut   .         Stasis   .     A - +0 pair of boots
Gourm  .                        (no amulet)
MR     .....                    G - ring of stealth
                                e - cursed +4 ring of protection

@: agile, not resistant to hostile enchantments, stealthy
A: breathe fire, unfitting armour, fire resistance 1, cold-blooded, AC +7
a: Breathe Fire, Heroism, Renounce Religion


You were on level 11 of the Dungeon.
You worshipped Okawaru.
Okawaru was greatly pleased with you.
You were hungry.

You visited 2 branches of the dungeon, and saw 12 of its levels.
You also visited: Ossuary.

You collected 529 gold pieces.

Inventory:

Missiles
 b - 238 arrows
 t - 11 arrows of flame
 D - 10 poisoned arrows
 M - a throwing net (quivered)
 O - 11 arrows of frost
Armour
 j - a cursed +0 cloak (worn)
 A - a +0 pair of boots (worn)
Magical devices
 p - a wand of teleportation (1)
 v - a wand of invisibility (3) {unknown}
 L - a wand of magic darts (8) {unknown}
Comestibles
 a - 10 bread rations
 h - 14 fruits
 i - 4 beef jerkies
 k - 9 meat rations
 u - 2 slices of pizza
 Q - a rotting chunk of steam dragon flesh
Scrolls
 c - 3 scrolls of remove curse {unknown}
 g - 6 scrolls of teleportation
 l - 2 scrolls of random uselessness {unknown}
 m - 3 scrolls of magic mapping {unknown}
 q - 2 scrolls of torment {unknown}
 x - a scroll of fog {unknown}
 C - a scroll of noise {unknown}
 H - a scroll of amnesia {unknown}
 J - a scroll of recharging {unknown}
 K - a scroll of enchant weapon {unknown}
 N - a scroll of blinking {unknown}
Jewellery
 e - a cursed +4 ring of protection (left hand)
 E - an uncursed ring of positive energy
 G - a ring of stealth (right hand)
Potions
 f - 3 potions of brilliance
 o - a potion of agility
 w - a potion of mutation {unknown}
 z - a potion of lignification {unknown}
 F - a potion of resistance {unknown}
 I - a potion of cancellation
 P - a potion of heal wounds {unknown}
 R - a potion of restore abilities
Books
 d - a book of Changes

   Spells                             Type                      Level
   *Beastly Appendage                 Transmutation                1
   *Sticks to Snakes                  Transmutation                2
   *Spider Form                       Transmutation/Poison         3
   *Ice Form                          Ice/Transmutation            4
   Blade Hands                        Transmutation                5
 y - a Grand Grimoire {highlevel, unknown}

   This book is beyond your current level of understanding.

   Spells                             Type                      Level
   Aura of Abjuration                 Summoning                    6
   Forceful Dismissal                 Summoning                    6
   Summon Greater Demon               Summoning                    7
   Malign Gateway                     Summoning/Translocation      7
   Summon Horrible Things             Summoning                    8
 B - a book of Party Tricks

   Spells                             Type                      Level
   Summon Butterflies                 Summoning                    1
   Apportation                        Translocation                1
   Blink                              Translocation                2
   Tukima's Dance                     Hexes                        3
   Alistair's Intoxication            Transmutation/Poison         4


   Skills:
 - Level 8.0 Fighting
 - Level 1.7 Dodging
 + Level 11.3 Unarmed Combat
 - Level 2.0 Spellcasting
 + Level 8.4 Transmutations
 * Level 5.0 Ice Magic


You had 3 spell levels left.
You knew the following spells:

 Your Spells              Type           Power        Failure   Level  Hunger
a - Beastly Appendage     Trmt           ###...       1%          1    ##.....
s - Sticks to Snakes      Trmt           ###.......   1%          2    ###....
x - Ice Form              Ice/Trmt       ###.....     17%         4    #####..
z - Spider Form           Trmt/Pois      ##........   14%         3    ####...


Dungeon Overview and Level Annotations

Branches:
Dungeon (11/15)            Temple (1/1) D:6             Orc (0/4) D:9
   Lair (0/8) D:8

Altars:
Ashenzari
Cheibriados
Dithmenos
Elyvilon
Fedhas
Gozag
Kikubaaqudgha
Makhleb
Nemelex Xobeh
Okawaru
Qazlal
Ru
Sif Muna
Trog
Vehumet
Xom
Yredelemnul
Zin
The Shining One

Shops:
D:6 %   D:8 (


Innate Abilities, Weirdness & Mutations

You can breathe blasts of fire.
Your fiery red scales are hard (AC +7).
Your body does not fit into most forms of armour.
Your flesh is heat resistant.
Your cold-blooded metabolism reacts poorly to cold.


Message History

* * * LOW HITPOINT WARNING * * *
The big kobold throws a stone.
The stone hits you but does no damage.
The centaur wields a shortbow.
The centaur shoots an arrow.
The arrow hits you but does no damage.
A wyvern and a big kobold come into view.
Things that are here:
an arrow; a stone Read which item? (? for menu, Esc to quit)
Okay, then.
Drink which item? (? for menu, Esc to quit)
Okay, then.
Adjust (i)tems, (s)pells, or (a)bilities?
Adjust which ability?
No such ability.
Drink which item? (? for menu, Esc to quit)
You feel agile all of a sudden.
The big kobold throws a stone.
The stone closely misses you.
The centaur shoots an arrow.
The arrow completely misses you.
The hill giant hits you with a giant club!!
You die...

...........## #..
...........# ##..
...........##
##.##
######...y.!###.##
#...#......##.##
#D..#.[.......#
#oKc#.........#
#...#.........# #
+@C.#.........####
#####.............
#......#......
##............
#..<........##
#...###....##
#..## ###### ####


You could see a hill giant, a wyvern, a big kobold, a centaur and an orc.

Vanquished Creatures
  A merfolk (D:9)
  A hill giant zombie (D:7)
  A deep elf mage (D:9)
  A wyvern (D:11)
  9 yaks (D:11)
  A hungry ghost (D:7)
  3 hippogriffs
  A steam dragon (D:10)
  A water moccasin (D:5)
  An ice beast (D:10)
  A phantom (D:8)
  A necrophage (D:6)
  8 centaurs
  A sky beast (D:10)
  10 ogres
  3 giant frogs
  A water moccasin skeleton (D:8)
  3 wights (D:6)
  5 killer bees (D:9)
  A troll skeleton (D:9)
  A yak skeleton (D:9)
  An electric eel (D:8)
  2 crimson imps
  6 hounds
  4 goliath beetles
  A gnoll shaman (D:4)
  5 jellies
  3 centaur skeletons
  A quasit (D:8)
  7 orc priests
  4 orc wizards
  An iguana (D:4)
  6 worker ants
  6 big kobold zombies (Ossuary)
  Ijyb (D:2)
  A hound zombie (D:9)
  2 mummies
  A hound skeleton (D:5)
  14 adders
  8 gnolls
  A worker ant zombie (D:5)
  An orc skeleton (D:8)
  4 shadow imps
  An inept item mimic (D:4)
  2 giant mites
  6 worms
  25 orcs
  A spectral bat (Ossuary)
  4 ball pythons
  24 bats
  2 bat simulacra (Ossuary)
  3 giant cockroaches
  6 gnoll zombies (Ossuary)
  15 goblins
  20 hobgoblins
  6 quokkas
  6 giant geckos
  3 giant newts
  A giant spore (D:7)
  4 goblin simulacra (Ossuary)
  7 goblin zombies
  4 hobgoblin zombies (Ossuary)
  17 jackals
  16 kobolds
  4 kobold simulacra (Ossuary)
  A kobold skeleton (D:7)
  5 kobold zombies (Ossuary)
  4 orc zombies
  13 rats
  2 rat simulacra (Ossuary)
  A rat skeleton (D:4)
  A rat zombie (D:4)
  3 spectral goblins (Ossuary)
  6 spectral kobolds (Ossuary)
  2 ballistomycetes (D:7)
350 creatures vanquished.

Vanquished Creatures (others)
  2 jackals (D:8)
2 creatures vanquished.

Grand Total: 352 creatures vanquished

Notes
Turn   | Place    | Note
--------------------------------------------------------------
     0 | D:1      | PolkaDot, the Draconian Transmuter, began the quest for the Orb.
     0 | D:1      | Reached XP level 1. HP: 16/16 MP: 3/3
   343 | D:1      | Reached XP level 2. HP: 8/23 MP: 4/4
   752 | D:1      | Reached XP level 3. HP: 6/29 MP: 4/6
  1550 | D:2      | Reached skill level 4 in Unarmed Combat
  1710 | D:2      | Reached XP level 4. HP: 36/36 MP: 5/7
  1719 | D:2      | Noticed Ijyb
  1734 | D:2      | Killed Ijyb
  2351 | D:3      | Found a glowing golden altar of the Shining One.
  2471 | D:3      | Reached XP level 5. HP: 38/42 MP: 7/9
  2495 | D:3      | Reached skill level 5 in Unarmed Combat
  3258 | D:4      | Found a sand-covered staircase.
  3278 | Ossuary  | Entered an ossuary
  3461 | Ossuary  | Reached XP level 6. HP: 47/50 MP: 10/10
  4053 | D:4      | Noticed an ogre
  4063 | D:4      | Killed an ogre
  4183 | D:4      | Reached skill level 6 in Unarmed Combat
  4190 | D:4      | Your scales start taking on a fiery red colour.
  4190 | D:4      | Gained mutation: Your flesh is heat resistant. [draconian maturity]
  4190 | D:4      | Reached XP level 7. HP: 55/59 MP: 12/12
  4263 | D:4      | Learned a level 3 spell: Spider Form
  4263 | D:4      | Found a white marble altar of Elyvilon.
  4279 | D:4      | Learned a level 4 spell: Ice Form
  4282 | D:4      | Learned a level 2 spell: Sticks to Snakes
  4286 | D:4      | Noticed an ogre
  4291 | D:4      | Killed an ogre
  4936 | D:5      | Entered Level 5 of the Dungeon
  5041 | D:5      | Reached skill level 7 in Unarmed Combat
  5515 | D:5      | Reached skill level 5 in Fighting
  5515 | D:5      | Reached skill level 5 in Transmutations
  5515 | D:5      | Reached XP level 8. HP: 41/68 MP: 13/13
  6190 | D:6      | Found Zoavim's Food Emporium.
  6205 | D:6      | Reached skill level 8 in Unarmed Combat
  6881 | D:6      | Found a staircase to the Ecumenical Temple.
  6895 | Temple   | Entered the Ecumenical Temple
  7114 | Temple   | Became a worshipper of Warmaster Okawaru
  7414 | D:7      | Reached skill level 9 in Unarmed Combat
  7414 | D:7      | Reached XP level 9. HP: 64/78 MP: 12/14
  7447 | D:7      | Found a basalt altar of Yredelemnul.
  8057 | D:7      | Acquired Okawaru's first power
  8471 | D:7      | Found a shimmering altar of Xom.
  8476 | D:7      | Found a shimmering altar of Xom.
  8476 | D:7      | Found a shimmering altar of Xom.
  8506 | D:7      | Found a shimmering altar of Xom.
  8507 | D:7      | Noticed a salamander
  8508 | D:7      | Found a shimmering altar of Xom.
  8924 | D:7      | Noticed an eye of devastation
  8926 | D:7      | an eye of devastation changed into a boulder beetle
  9389 | D:8      | Found Klos Ahatau's Antique Weapon Boutique.
  9392 | D:8      | Reached skill level 10 in Unarmed Combat
  9528 | D:8      | Found a stormy altar of Qazlal.
  9810 | D:8      | Found a staircase to the Lair.
 10176 | D:9      | Found an opulent altar of Gozag.
 10182 | D:9      | Reached XP level 10. HP: 86/88 MP: 16/16
 10193 | D:9      | Reached skill level 1 in Ice Magic
 10436 | D:9      | Found a shadowy altar of Dithmenos.
 10594 | D:9      | Found a staircase to the Orcish Mines.
 11023 | D:10     | Entered Level 10 of the Dungeon
 12014 | D:10     | Reached skill level 11 in Unarmed Combat
 12380 | D:11     | Reached skill level 5 in Ice Magic
 12406 | D:11     | Noticed a hill giant
 12406 | D:11     | HP: 1/88 [hill giant/giant club (29)]
 12407 | D:11     | Annihilated by a hill giant

Action                   |  1- 3 |  4- 6 |  7- 9 | 10-12 || total
-------------------------+-------+-------+-------+-------++-------
Melee: Unarmed           |   125 |   402 |   499 |   169 ||  1195
 Cast: Beastly Appendage |     5 |    19 |    14 |     1 ||    39
       Ice Form          |       |       |       |     2 ||     2
Invok: Heroism           |       |       |       |     2 ||     2
 Abil: Breathe Fire      |       |       |    29 |    11 ||    40
  Use: Potion            |     1 |     3 |     7 |     3 ||    14
       Scroll            |       |     3 |     1 |     3 ||     7
 Stab: Sleeping          |       |     2 |       |       ||     2
       Confused          |       |       |     1 |       ||     1
  Eat: Chunk             |     3 |     6 |    25 |     8 ||    42
       Fruit             |       |     4 |     1 |     2 ||     7
